 Dungeon Sprint DCSS version 0.17-a0-1718-g72dbe4d (webtiles) character file.

16828 ztt the Severer (level 12, 59/125 HPs)
             Began as a Minotaur Fighter on Aug 26, 2015.
             Was the Champion of Makhleb.
             Starved to death
             ... in the Dungeon (Sprint VII: "The Pits").
             The game lasted 00:07:03 (2117 turns).

ztt the Severer (Minotaur Fighter)                  Turns: 2117, Time: 00:07:03

Health: 59/125     AC: 21    Str: 27    XL:     12   Next: 13%
Magic:  11/11      EV: 14    Int:  5    God:    Makhleb [******]
Gold:   9          SH: 15    Dex: 12    Spells: 0 memorised, 11 levels left

rFire  . . .     SeeInvis .     l - +2 war axe (chop)
rCold  . . .     Clarity  .     q - +3 plate armour
rNeg   . . .     SustAt   .     c - +0 shield
rPois  .         Gourm    .     (helmet restricted)
rElec  .         Spirit   .     b - +0 cloak
rCorr  .         Warding  .     (no gloves)
rMut   .         NoTele   +     (no boots)
MR     .....                    (no amulet)
Stlth  ..........               d - +3 ring of evasion
                                n - +3 ring of dexterity

@: fainting, not resistant to hostile enchantments, extremely unstealthy
A: retaliatory headbutt, horns 2
a: Minor Destruction, Lesser Servant of Makhleb, Major Destruction, Greater
Servant of Makhleb, Renounce Religion


You were in the Dungeon.
You worshipped Makhleb.
Makhleb was exalted by your worship.
You were fainting.

You visited 1 branch You collected 9 gold pieces.

Inventory:

Hand weapons
 l - a +2 war axe of chopping (weapon)
 m - a +2 mace of crushing
Armour
 b - a +0 cloak (worn)
 c - a +0 shield (worn)
 q - a +3 plate armour (worn)
Rods
 x - a +5 rod of ignition (13/13)
   (You found it in the Dungeon)
Jewellery
 d - a +3 ring of evasion (right hand)
 n - a +3 ring of dexterity (left hand)
Magical devices
 j - a wand of teleportation (3)
Scrolls
 k - a scroll of blinking
 t - 3 scrolls of remove curse
 u - 5 scrolls of amnesia
Potions
 f - 10 potions of curing
 g - 7 potions of heal wounds
 h - a potion of haste
 i - 4 potions of magic
 p - a potion of brilliance
 s - 2 potions of invisibility
Books
 w - a book of Battle

   Spells                             Type                      Level
   a - Infusion                       Charms                       1
   b - Shroud of Golubria             Charms/Translocation         2
   c - Song of Slaying                Charms                       2
   d - Spectral Weapon                Hexes/Charms                 3
   e - Regeneration                   Charms/Necromancy            3
Comestibles
 a - 40 fruits
 e - 8 bread rations
 o - 6 royal jellies
 r - 7 meat rations


   Skills:
 + Level 17.1 Fighting
 + Level 19.6 Axes
 + Level 14.9 Armour
 + Level 8.1 Dodging
 + Level 1.0 Stealth
 + Level 17.9 Shields


You had 11 spell levels left.
You didn't know any spells.

Dungeon Overview and Level Annotations

Branches:
Dungeon (1/1)

Altars:
Ashenzari
Cheibriados
Dithmenos
Elyvilon
Fedhas
Gozag
Kikubaaqudgha
Makhleb
Nemelex Xobeh
Okawaru
Qazlal
Ru
Sif Muna
Trog
Vehumet
Xom
Yredelemnul
Zin
The Shining One
Beogh
Jiyva
Lugonu

Annotations:
D Arachne


Innate Abilities, Weirdness & Mutations

You reflexively headbutt those who attack you in melee.
You have a pair of horns on your head.


Message History

Your small abomination barely misses the death yak.
The death cob hits your small abomination!
The death cob hits your small abomination.
Your small abomination is destroyed!
Your small abomination hits the death yak.
The death cob hits your small abomination.
Your small abomination hits the death cob but does no damage.
The death yak gores your small abomination.
Your small abomination barely misses the death yak.
The death cob hits your small abomination.
A death yak comes into view.
Things that are here:
a trident; 4 tomahawks The death cob closely misses your small abomination.
Arachne casts a spell.
Arachne blinks!
The death yak barely misses something.
Your small abomination hits the death cob!
The death cob hits your small abomination.
You have starved to death.
You die...

#..4'..#....#..
#..''..........
#####YH........
####################z.#....#..
..................''.x........
...............)..'Yx.........
#############÷##).##..#....#..
##.#.#.#.#.#.#)#..##..........
#.#.#.#)#.#)#.##@.##..........
##:#.#)#.#.#)#.#..####''####++
#.#.#.#.#}#.#.##..####')###
##.#.#)#(#.#.#.#..##......#
################..##.#'##.#
........)().†.....##.#.)+.#
.....)†.†(........##.'.:#.#
#######''###########.#.)'.#
#######'(###### #.'):#.#


You could see Arachne, a death cob and a death yak.

Vanquished Creatures
  Agnes (D)
  A greater naga (D)
  A yellow draconian (D)
  An ettin (D)
  An eidolon (D)
  A merfolk javelineer (D)
  A great orb of eyes (D)
  2 merfolk avatars (D)
  2 deep troll shamans (D)
  2 sea snakes (D)
  2 deep trolls (D)
  An ugly thing (D)
  A sixfirhy (D)
  A black mamba (D)
  A fire drake (D)
  An orange demon (D)
  A komodo dragon (D)
  3 merfolk (D)
  A deep elf priest (D)
  A freezing wraith (D)
  A two-headed ogre (D)
  A giant leech (D)
  A ynoxinul (D)
  A vampire (D)
  A fire bat (D)
  2 deep elf fighters (D)
  A deep elf mage (D)
  A fire elemental (D)
  5 wolves (D)
  A black bear (D)
  A necrophage (D)
  An ogre (D)
  A centaur (D)
  A big kobold (D)
  A crimson imp (D)
  A quasit (D)
  A gnoll shaman (D)
  2 river rats (D)
  A giant eyeball (D)
  2 oozes (D)
  3 orcs (D)
  A giant cockroach (D)
  A hobgoblin (D)
  6 jackals (D)
  A quokka (D)
  2 bats (D)
  2 giant newts (D)
  A kobold (D)
  A quokka zombie (D)
  A rat (D)
72 creatures vanquished.

Vanquished Creatures (others)
  A deep elf knight (D)
  An adder simulacrum (D)
  A bat simulacrum (D)
3 creatures vanquished.

Grand Total: 75 creatures vanquished

Notes
Turn   | Place    | Note
--------------------------------------------------------------
     0 | D        | ztt the Minotaur Fighter began the quest for the Orb.
     0 | D        | Reached XP level 1. HP: 19/19 MP: 0/0
    12 | D        | Reached skill level 4 in Fighting
    44 | D        | Reached skill level 5 in Fighting
    44 | D        | Reached XP level 2. HP: 13/29 MP: 1/1
   236 | D        | Reached skill level 5 in Shields
   244 | D        | Reached skill level 5 in Armour
   247 | D        | Reached XP level 3. HP: 33/37 MP: 2/2
   308 | D        | Noticed a quasit
   309 | D        | Noticed a necrophage
   310 | D        | Noticed a fire bat
   313 | D        | Noticed a crimson imp
   322 | D        | Killed a fire bat
   322 | D        | Reached skill level 7 in Fighting
   322 | D        | Reached skill level 5 in Axes
   322 | D        | Reached XP level 4. HP: 24/48 MP: 3/3
   322 | D        | Reached XP level 5. HP: 26/53 MP: 4/4
   327 | D        | Killed a quasit
   327 | D        | Reached skill level 8 in Armour
   332 | D        | Killed a necrophage
   332 | D        | Reached skill level 9 in Shields
   332 | D        | Reached XP level 6. HP: 31/62 MP: 5/5
   364 | D        | Killed a crimson imp
   466 | D        | Noticed a gnoll shaman
   472 | D        | Killed a gnoll shaman
   485 | D        | Noticed a fire drake
   496 | D        | Killed a fire drake
   496 | D        | Reached skill level 10 in Shields
   496 | D        | Reached XP level 7. HP: 25/71 MP: 6/6
   711 | D        | Noticed a black bear
   717 | D        | Killed a black bear
   717 | D        | Reached skill level 10 in Armour
   717 | D        | Reached skill level 11 in Shields
   721 | D        | Noticed a ynoxinul
   721 | D        | Noticed a freezing wraith
   722 | D        | Noticed a big kobold
   726 | D        | Killed a freezing wraith
   726 | D        | Reached skill level 10 in Fighting
   726 | D        | Reached skill level 5 in Dodging
   730 | D        | Killed a ynoxinul
   730 | D        | Reached XP level 8. HP: 78/80 MP: 7/7
   732 | D        | Killed a big kobold
   845 | D        | Found a sacrificial altar of Ru.
   845 | D        | Found a basalt altar of Yredelemnul.
   845 | D        | Found a glowing golden altar of the Shining One.
   845 | D        | Found a deep blue altar of Sif Muna.
   845 | D        | Found a burning altar of Makhleb.
   845 | D        | Found an ancient bone altar of Kikubaaqudgha.
   845 | D        | Found a glowing silver altar of Zin.
   846 | D        | Found a shadowy altar of Dithmenos.
   846 | D        | Found a bloodstained altar of Trog.
   846 | D        | Found a shattered altar of Ashenzari.
   846 | D        | Found a white marble altar of Elyvilon.
   846 | D        | Found a snail-covered altar of Cheibriados.
   846 | D        | Found a blossoming altar of Fedhas.
   846 | D        | Found a radiant altar of Vehumet.
   846 | D        | Found a shimmering altar of Xom.
   846 | D        | Found a sparkling altar of Nemelex Xobeh.
   846 | D        | Found a corrupted altar of Lugonu.
   846 | D        | Found a viscous altar of Jiyva.
   846 | D        | Found a roughly hewn altar of Beogh.
   846 | D        | Found an iron altar of Okawaru.
   851 | D        | Became a worshipper of Makhleb the Destroyer
   856 | D        | Found a stormy altar of Qazlal.
   857 | D        | Found an opulent altar of Gozag.
   903 | D        | Noticed a sea snake
   903 | D        | Noticed a centaur
   911 | D        | Killed a sea snake
   911 | D        | Acquired Makhleb's first power
   911 | D        | Reached skill level 10 in Axes
   911 | D        | Reached skill level 12 in Shields
   914 | D        | Killed a centaur
   948 | D        | Noticed a black mamba
   956 | D        | Killed a black mamba
   956 | D        | Reached skill level 13 in Shields
   956 | D        | Reached XP level 9. HP: 89/89 MP: 8/8
  1014 | D        | Noticed a great orb of eyes
  1014 | D        | Noticed a deep elf mage
  1014 | D        | Noticed a yellow draconian
  1014 | D        | Noticed a cyan ugly thing
  1014 | D        | Noticed a two-headed ogre
  1051 | D        | Killed a deep elf knight
  1060 | D        | Killed a two-headed ogre
  1060 | D        | Acquired Makhleb's second power
  1065 | D        | Killed a great orb of eyes
  1065 | D        | Reached skill level 14 in Shields
  1079 | D        | Killed a yellow draconian
  1079 | D        | Reached skill level 15 in Shields
  1079 | D        | Reached XP level 10. HP: 64/100 MP: 9/9
  1080 | D        | Killed a deep elf mage
  1080 | D        | Acquired Makhleb's third power
  1212 | D        | Noticed a merfolk
  1219 | D        | Noticed a merfolk javelineer
  1220 | D        | Noticed a merfolk
  1242 | D        | Killed a merfolk javelineer
  1246 | D        | Killed a merfolk
  1246 | D        | Acquired Makhleb's fourth power
  1255 | D        | Killed a merfolk
  1369 | D        | Noticed Agnes
  1424 | D        | Killed Agnes
  1424 | D        | Reached skill level 15 in Axes
  1424 | D        | Reached skill level 16 in Shields
  1485 | D        | Noticed a merfolk avatar
  1488 | D        | Noticed a giant leech
  1495 | D        | Noticed a komodo dragon
  1499 | D        | Killed a merfolk avatar
  1503 | D        | Killed a giant leech
  1503 | D        | Acquired Makhleb's fifth power
  1532 | D        | Noticed a deep elf priest
  1536 | D        | Killed a komodo dragon
  1536 | D        | Reached XP level 11. HP: 94/111 MP: 10/10
  1543 | D        | Killed a deep elf priest
  1571 | D        | Killed a cyan ugly thing
  1630 | D        | Noticed an orange demon
  1633 | D        | Noticed a merfolk
  1633 | D        | Noticed a fire elemental
  1635 | D        | Killed an orange demon
  1641 | D        | Killed a fire elemental
  1641 | D        | Reached skill level 15 in Fighting
  1648 | D        | Noticed a vampire
  1649 | D        | Killed a merfolk
  1651 | D        | Noticed an ogre
  1654 | D        | Paralysed by a giant eyeball for 3 turns
  1664 | D        | Killed a vampire
  1665 | D        | Noticed a sea snake
  1667 | D        | Paralysed by a giant eyeball for 2 turns
  1670 | D        | Noticed a deep elf fighter
  1674 | D        | Killed a sea snake
  1674 | D        | Reached skill level 17 in Axes
  1675 | D        | Noticed an eidolon
  1677 | D        | Killed an ogre
  1692 | D        | Noticed a deep elf fighter
  1703 | D        | Killed a deep elf fighter
  1704 | D        | Noticed a wolf
  1705 | D        | Noticed a wolf
  1705 | D        | Killed an eidolon
  1707 | D        | Noticed a wolf
  1707 | D        | Killed a wolf
  1709 | D        | Noticed a wolf
  1712 | D        | Killed a wolf
  1712 | D        | Reached skill level 1 in Stealth
  1712 | D        | Killed a wolf
  1713 | D        | Killed a deep elf fighter
  1718 | D        | Killed a wolf
  1719 | D        | Noticed a wolf
  1725 | D        | Killed a wolf
  1786 | D        | Noticed an ettin
  1786 | D        | Noticed a deep troll shaman
  1786 | D        | Noticed a deep troll
  1786 | D        | Noticed a deep troll shaman
  1786 | D        | Noticed a deep troll
  1786 | D        | Noticed a greater naga
  1787 | D        | Noticed a merfolk avatar
  1798 | D        | Killed a merfolk avatar
  1798 | D        | Reached skill level 18 in Axes
  1799 | D        | Killed an ettin
  1804 | D        | Killed a deep troll shaman
  1806 | D        | Killed a greater naga
  1806 | D        | Reached skill level 19 in Axes
  1809 | D        | Killed a deep troll shaman
  1809 | D        | Reached XP level 12. HP: 84/124 MP: 11/11
  1811 | D        | Killed a deep troll
  1813 | D        | Killed a deep troll
  2091 | D        | Noticed a death yak
  2092 | D        | Noticed a sixfirhy
  2092 | D        | Noticed a death cob
  2094 | D        | Noticed Arachne
  2099 | D        | Killed a sixfirhy
  2116 | D        | Noticed a death yak
  2117 | D        | Starved to death

Vault maps used:
D:        pitsprint

Action                   |  1- 3 |  4- 6 |  7- 9 | 10-12 || total
-------------------------+-------+-------+-------+-------++-------
Melee: War axe           |    33 |    44 |    47 |   160 ||   284
  Use: Potion            |     1 |       |     4 |     4 ||     9
       Scroll            |       |       |       |     1 ||     1
  Eat: Bread ration      |       |       |     1 |     1 ||     2
